BLB
SANTO DOMINGO RUM RUNNERS @ PITTSBURGH MILLERS
04/10/2060
 
TOP OF THE 1ST
Santo Domingo Rum Runners batting - Pitching for Pittsburgh Millers : LHP Colin Holden
Pitching: LHP Colin Holden
Batting: LHB Ronald Anderson 0-0: Foul Ball, location: 2F
0-1: Ball
1-1: Fly out, F8 (Flyball, 8LD, EV 96.2 MPH)
Batting: RHB Devain Ecevit 0-0: Fly out, F9 (Flyball, 9D, EV 101.2 MPH)
Batting: LHB Larry Collier 0-0: Called Strike
0-1: Swinging Strike
0-2: Ball
1-2: Ball
2-2: SINGLE (Groundball, 6D, EV 108.1 MPH)
Batting: LHB Damon Casebier 0-0: SINGLE (Groundball, 34D, EV 108.8 MPH)
Larry Collier to second
Runner from 2nd tries for 3rd, SAFE, throw by RF made to third
Batting: RHB Alan West 0-0: Ball
1-0: Foul Ball, location: 2F
1-1: Called Strike
Pickoff Throw to First - Out! 1-3
Top of the 1st over - 0 runs, 2 hits, 0 errors, 1 left on base; Santo Domingo 0 - Pittsburgh 0
BOTTOM OF THE 1ST
Pittsburgh Millers batting - Pitching for Santo Domingo Rum Runners : LHP Ken Burns
Pitching: LHP Ken Burns
Batting: RHB Allan Jett 0-0: Ground out 5-3 (Groundball, 5, EV 88.8 MPH)
Batting: RHB Dane Jennings 0-0: Swinging Strike
0-1: Ground out U3 (Groundball, 34, EV 98.8 MPH)
Batting: RHB Isaac Pack 0-0: Called Strike
0-1: Ball
1-1: Swinging Strike
1-2: Ball
2-2: Strikes out looking
Bottom of the 1st over - 0 runs, 0 hits, 0 errors, 0 left on base; Santo Domingo 0 - Pittsburgh 0
TOP OF THE 2ND
Santo Domingo Rum Runners batting - Pitching for Pittsburgh Millers : LHP Colin Holden
Batting: RHB Alan West 0-0: Called Strike
0-1: Foul Ball, location: 2F
0-2: Ball
1-2: Strikes out looking
Batting: RHB Lucas Sampley 0-0: Called Strike
0-1: Ball
1-1: Foul Ball, location: 2F
1-2: Fly out, F9 (Line Drive, 9, EV 94.4 MPH)
Batting: RHB Devin Geertz 0-0: Ball
1-0: Ball
2-0: Called Strike
2-1: Foul Ball, location: 2F
2-2: TRIPLE (Flyball, 89XD, EV 95.0 MPH)
Batting: LHB Tom Ho 0-0: Called Strike
0-1: Foul Ball, location: 2F
0-2: Strikes out looking
Top of the 2nd over - 0 runs, 1 hit, 0 errors, 1 left on base; Santo Domingo 0 - Pittsburgh 0
BOTTOM OF THE 2ND
Pittsburgh Millers batting - Pitching for Santo Domingo Rum Runners : LHP Ken Burns
Batting: RHB LaMark Canete 0-0: Ball
1-0: Ball
2-0: Called Strike
2-1: Foul Ball, location: 2F
2-2: Ball
3-2: Strikes out looking
Batting: RHB Colton Coffin 0-0: Foul Ball, location: 2F
0-1: Called Strike
0-2: Ball
1-2: Strikes out swinging
Batting: RHB K.J. Avery 0-0: Ball
1-0: Ball
2-0: Ball
3-0: Base on Balls
Batting: RHB Jeremy Knowlton 0-0: Foul Ball, location: 2F
0-1: Ball
1-1: SINGLE (Line Drive, 78S, EV 101.9 MPH)
K.J. Avery to second
Runner from 2nd tries for 3rd, SAFE, throw by LF made to third
Batting: LHB Skye Maury 0-0: Ground out 3-1 (Groundball, 34, EV 83.8 MPH)
Bottom of the 2nd over - 0 runs, 1 hit, 0 errors, 2 left on base; Santo Domingo 0 - Pittsburgh 0
TOP OF THE 3RD
Santo Domingo Rum Runners batting - Pitching for Pittsburgh Millers : LHP Colin Holden
Batting: RHB Andy Wood 0-0: Ball
1-0: Ball
2-0: Swinging Strike
2-1: Ball
3-1: Called Strike
3-2: Foul Ball, location: 2F
3-2: Base on Balls
Batting: LHB Ronald Anderson 0-0: Foul Ball, location: 2F
0-1: Called Strike
0-2: Strikes out looking
Batting: RHB Devain Ecevit 0-0: Foul Ball, location: 2F
0-1: Ball
1-1: SINGLE (Line Drive, 9LS, EV 105.6 MPH)
Andy Wood to second
Batting: LHB Larry Collier 0-0: Called Strike
0-1: Ball
1-1: Ball
2-1: Ball
3-1: Foul Ball, location: 2F
3-2: Grounds into double play, 6-4-3 (Groundball, 6D, EV 108.8 MPH)
Top of the 3rd over - 0 runs, 1 hit, 0 errors, 1 left on base; Santo Domingo 0 - Pittsburgh 0
BOTTOM OF THE 3RD
Pittsburgh Millers batting - Pitching for Santo Domingo Rum Runners : LHP Ken Burns
Batting: RHB Conner Wilson 0-0: Ball
1-0: Swinging Strike
1-1: Called Strike
1-2: Foul Ball, location: 2F
1-2: Ball
2-2: DOUBLE (Groundball, 5L, EV 103.8 MPH)
Batting: RHB Allan Jett 0-0: Called Strike
0-1: Fly out, F3 (Popup, 34S, EV 80.0 MPH)
Batting: RHB Dane Jennings 0-0: Called Strike
0-1: Ball
1-1: Ball
2-1: Foul Ball, location: 2F
2-2: Ground out 5-3 (Groundball, 56S, EV 68.8 MPH)
Conner Wilson to third
Batting: RHB Isaac Pack 0-0: Ground out 6-3 (Groundball, 6MS, EV 92.5 MPH)
Bottom of the 3rd over - 0 runs, 1 hit, 0 errors, 1 left on base; Santo Domingo 0 - Pittsburgh 0
TOP OF THE 4TH
Santo Domingo Rum Runners batting - Pitching for Pittsburgh Millers : LHP Colin Holden
Batting: LHB Damon Casebier 0-0: Ball
1-0: DOUBLE (Line Drive, 7LS, EV 88.1 MPH)
Batting: RHB Alan West 0-0: Ball
1-0: Ball
2-0: Called Strike
2-1: Foul Ball, location: 2F
2-2: Strikes out looking
Batting: RHB Lucas Sampley 0-0: Called Strike
0-1: Ball
1-1: Ball
2-1: Ball
3-1: SINGLE (Flyball, 6MD, EV 83.8 MPH)
Damon Casebier to third
Batting: RHB Devin Geertz 0-0: Foul Ball, location: 2F
0-1: Ball
1-1: SINGLE (Groundball, 4MD, EV 101.2 MPH)
Damon Casebier scores
Lucas Sampley to second
Batting: LHB Tom Ho 0-0: Ball
1-0: Ball
2-0: Called Strike
2-1: Called Strike
2-2: Foul Ball, location: 2F
2-2: Foul Ball, location: 2F
2-2: SINGLE (Groundball, 4D, EV 105.0 MPH)
Lucas Sampley to third
Devin Geertz to second
Runner from 3rd tries for Home, SAFE, throw by CF to home
Batting: RHB Andy Wood 0-0: Ball
1-0: Called Strike
1-1: Called Strike
1-2: Strikes out looking
Batting: LHB Ronald Anderson 0-0: SINGLE (Groundball, 6D, EV 97.5 MPH)
Devin Geertz to third
Tom Ho to second
Runner from 3rd tries for Home, throw by CF and OUT! 8-2
Top of the 4th over - 2 runs, 5 hits, 0 errors, 2 left on base; Santo Domingo 2 - Pittsburgh 0
BOTTOM OF THE 4TH
Pittsburgh Millers batting - Pitching for Santo Domingo Rum Runners : LHP Ken Burns
Batting: RHB LaMark Canete 0-0: Swinging Strike
0-1: Ball
1-1: Ball
2-1: SINGLE (Groundball, 56D, EV 103.1 MPH)
Batting: RHB Colton Coffin 0-0: Foul Ball, location: 2F
0-1: Called Strike
0-2: Strikes out swinging
Batting: RHB K.J. Avery 0-0: Foul Ball, location: 2F
0-1: Called Strike
0-2: Foul Ball, location: 2F
0-2: Ball
1-2: Foul Ball, location: 2F
1-2: SINGLE (Groundball, 56S, EV 70.0 MPH) (infield hit)
LaMark Canete to second
Batting: RHB Jeremy Knowlton 0-0: Ball
Wild Pitch!
LaMark Canete to third
K.J. Avery to second
1-0: Ball
2-0: SINGLE (Groundball, 56D, EV 101.9 MPH)
LaMark Canete scores
K.J. Avery to third
Runner from 3rd tries for Home, SAFE, throw by LF to home
Jeremy Knowlton to second
Batting: LHB Skye Maury 0-0: Swinging Strike
0-1: Foul Ball, location: 2F
0-2: Ball
1-2: Ball
2-2: Foul Ball, location: 2F
2-2: Foul Ball, location: 2F
2-2: Ball
3-2: Ground out 6-3 (Groundball, 4MS, EV 84.4 MPH)
Jeremy Knowlton to third
Batting: RHB Conner Wilson 0-0: Ball
1-0: Called Strike
1-1: Called Strike
1-2: Foul Ball, location: 2F
1-2: Foul Ball, location: 2F
1-2: Strikes out looking
Bottom of the 4th over - 2 runs, 3 hits, 0 errors, 1 left on base; Santo Domingo 2 - Pittsburgh 2
TOP OF THE 5TH
Santo Domingo Rum Runners batting - Pitching for Pittsburgh Millers : LHP Colin Holden
Batting: RHB Devain Ecevit 0-0: Ball
1-0: Ball
2-0: Ball
3-0: Called Strike
3-1: Called Strike
3-2: Ground out U3 (Groundball, 34, EV 104.4 MPH)
Batting: LHB Larry Collier 0-0: Swinging Strike
0-1: Swinging Strike
0-2: Ball
1-2: Strikes out swinging
Batting: LHB Damon Casebier 0-0: Ball
1-0: Fly out, F5 (Popup, 56S, EV 90.6 MPH)
Top of the 5th over - 0 runs, 0 hits, 0 errors, 0 left on base; Santo Domingo 2 - Pittsburgh 2
BOTTOM OF THE 5TH
Pittsburgh Millers batting - Pitching for Santo Domingo Rum Runners : LHP Ken Burns
Batting: RHB Allan Jett 0-0: Ball
1-0: Called Strike
1-1: Ground out 5-3 (Groundball, 56, EV 103.1 MPH)
Batting: RHB Dane Jennings 0-0: Called Strike
0-1: Called Strike
0-2: Ball
1-2: Foul Ball, location: 2F
1-2: Fly out, F8 (Line Drive, 78D, EV 108.1 MPH)
Batting: RHB Isaac Pack 0-0: Ball
1-0: TRIPLE (Flyball, 89XD, EV 104.4 MPH)
Batting: RHB LaMark Canete 0-0: Called Strike
0-1: Foul Ball, location: 2F
0-2: Strikes out looking
Bottom of the 5th over - 0 runs, 1 hit, 0 errors, 1 left on base; Santo Domingo 2 - Pittsburgh 2
TOP OF THE 6TH
Santo Domingo Rum Runners batting - Pitching for Pittsburgh Millers : LHP Colin Holden
Batting: RHB Alan West 0-0: Ball
1-0: Fly out, F7 (Line Drive, 7LS, EV 86.2 MPH)
Batting: RHB Lucas Sampley 0-0: Ball
1-0: Called Strike
1-1: Ball
2-1: DOUBLE (Line Drive, 5D, EV 98.1 MPH)
Pitching: LHP Phil Cole
Batting: RHB Devin Geertz 0-0: Ball
1-0: Ground out 1-3 (Groundball, 13S, EV 70.6 MPH)
Lucas Sampley to third
Batting: LHB Tom Ho 0-0: Called Strike
0-1: Ball
1-1: Foul Ball, location: 2F
1-2: Fly out, F8 (Flyball, 8RD, EV 86.2 MPH)
Top of the 6th over - 0 runs, 1 hit, 0 errors, 1 left on base; Santo Domingo 2 - Pittsburgh 2
BOTTOM OF THE 6TH
Pittsburgh Millers batting - Pitching for Santo Domingo Rum Runners : LHP Ken Burns
Batting: RHB Colton Coffin 0-0: Called Strike
0-1: Ball
1-1: Swinging Strike
1-2: Foul Ball, location: 2F
1-2: Ball
2-2: Ball
3-2: Strikes out looking
Batting: RHB K.J. Avery 0-0: Ball
1-0: Ball
2-0: Ball
3-0: Base on Balls
Batting: RHB Jeremy Knowlton 0-0: Ball
1-0: Called Strike
1-1: Called Strike
1-2: Strikes out swinging
Pitching: RHP Brady D'Ambra
Batting: LHB Skye Maury 0-0: Ball
K.J. Avery steals 2nd base
1-0: Ball
2-0: Foul Ball, location: 2F
2-1: Foul Ball, location: 2F
2-2: Foul Ball, location: 2F
2-2: Ball
3-2: Fly out, F5 (Popup, 5SF, EV 77.5 MPH)
Bottom of the 6th over - 0 runs, 0 hits, 0 errors, 1 left on base; Santo Domingo 2 - Pittsburgh 2
TOP OF THE 7TH
Santo Domingo Rum Runners batting - Pitching for Pittsburgh Millers : LHP Phil Cole
Batting: RHB Andy Wood 0-0: Ball
1-0: Ball
2-0: Ball
3-0: Called Strike
3-1: Called Strike
3-2: Base on Balls
Batting: LHB Ronald Anderson 0-0: Foul Ball, location: 2F
0-1: Fly out, F7 (Flyball, 78M, EV 83.1 MPH)
Batting: RHB Devain Ecevit 0-0: Called Strike
0-1: Foul Ball, location: 2F
0-2: Ball
1-2: Foul Ball, location: 2F
1-2: Strikes out swinging
Batting: LHB Larry Collier 0-0: Called Strike
0-1: Swinging Strike
0-2: Ball
1-2: Fly out, F3 (Popup, 34S, EV 79.4 MPH)
Top of the 7th over - 0 runs, 0 hits, 0 errors, 1 left on base; Santo Domingo 2 - Pittsburgh 2
BOTTOM OF THE 7TH
Pittsburgh Millers batting - Pitching for Santo Domingo Rum Runners : RHP Brady D'Ambra
Batting: RHB Conner Wilson 0-0: Called Strike
0-1: Ball
1-1: Ground out 6-3 (Groundball, 6, EV 88.1 MPH)
Batting: RHB Allan Jett 0-0: Ball
1-0: Foul Ball, location: 2F
1-1: Ball
2-1: Foul Ball, location: 2F
2-2: Foul Ball, location: 2F
2-2: Strikes out swinging
Batting: RHB Dane Jennings 0-0: Ball
1-0: Foul Ball, location: 2F
1-1: Ball
2-1: Foul Ball, location: 2F
2-2: Fly out, F8 (Line Drive, 89M, EV 100.0 MPH)
Bottom of the 7th over - 0 runs, 0 hits, 0 errors, 0 left on base; Santo Domingo 2 - Pittsburgh 2
TOP OF THE 8TH
Santo Domingo Rum Runners batting - Pitching for Pittsburgh Millers : LHP Phil Cole
Pitching: LHP Garry Fanalua
Batting: LHB Damon Casebier 0-0: Swinging Strike
0-1: Ball
1-1: Foul Ball, location: 2F
1-2: Foul Ball, location: 2F
1-2: Ball
2-2: Ground out 6-3 (Groundball, P, EV 85.6 MPH)
Batting: RHB Alan West 0-0: Called Strike
0-1: Ball
1-1: Called Strike
1-2: TRIPLE (Line Drive, 89XD, EV 106.2 MPH)
Batting: RHB Lucas Sampley 0-0: Intentional Walk
Batting: RHB Devin Geertz 0-0: Ball
1-0: Called Strike
1-1: Ball
2-1: Ball
3-1: Swinging Strike
3-2: Strikes out looking
Pinch Hitting: RHB Braeden Shute 0-0: Ball
1-0: Ball
2-0: Ball
3-0: Swinging Strike
3-1: Foul Ball, location: 2F
3-2: Strikes out swinging
Top of the 8th over - 0 runs, 1 hit, 0 errors, 2 left on base; Santo Domingo 2 - Pittsburgh 2
BOTTOM OF THE 8TH
Pittsburgh Millers batting - Pitching for Santo Domingo Rum Runners : RHP Brady D'Ambra
Now at 2B: Alan West
Now at 3B: James Scarbrough
Batting: RHB Isaac Pack 0-0: Ball
1-0: Called Strike
1-1: Swinging Strike
1-2: Ball
2-2: Strikes out swinging
Batting: RHB LaMark Canete 0-0: Called Strike
0-1: Swinging Strike
0-2: Foul Ball, location: 2F
0-2: Foul Ball, location: 2F
0-2: Ball
1-2: Foul Ball, location: 2F
1-2: Ball
2-2: Strikes out looking
Pitching: LHP Austin Virnig
Batting: RHB Colton Coffin 0-0: Ball
1-0: Ball
2-0: Ball
3-0: Called Strike
3-1: Base on Balls
Batting: RHB K.J. Avery 0-0: Ball
1-0: Foul Ball, location: 2F
1-1: Called Strike
1-2: Foul Ball, location: 2F
1-2: Foul Ball, location: 2F
1-2: Strikes out swinging
Bottom of the 8th over - 0 runs, 0 hits, 0 errors, 1 left on base; Santo Domingo 2 - Pittsburgh 2
TOP OF THE 9TH
Santo Domingo Rum Runners batting - Pitching for Pittsburgh Millers : LHP Garry Fanalua
Batting: RHB Andy Wood 0-0: Ball
1-0: Called Strike
1-1: Swinging Strike
1-2: Strikes out looking
Batting: LHB Ronald Anderson 0-0: Ball
1-0: Ball
2-0: Foul Ball, location: 2F
2-1: Foul Ball, location: 2F
2-2: Foul Ball, location: 2F
2-2: Ball
3-2: Foul Ball, location: 2F
3-2: Strikes out swinging
Batting: RHB Devain Ecevit 0-0: Foul Ball, location: 2F
0-1: TRIPLE (Line Drive, 9LD, EV 101.2 MPH)
Pitching: LHP Dakarai Johnson
Batting: LHB Larry Collier 0-0: Called Strike
0-1: Ball
1-1: Ground out U3 (Groundball, 3, EV 83.8 MPH)
Top of the 9th over - 0 runs, 1 hit, 0 errors, 1 left on base; Santo Domingo 2 - Pittsburgh 2
BOTTOM OF THE 9TH
Pittsburgh Millers batting - Pitching for Santo Domingo Rum Runners : LHP Austin Virnig
Batting: RHB Jeremy Knowlton 0-0: Ball
1-0: Foul Ball, location: 2F
1-1: Swinging Strike
1-2: Strikes out looking
Batting: LHB Skye Maury 0-0: Called Strike
0-1: Ball
1-1: Foul Ball, location: 2F
1-2: Ball
2-2: Ball
3-2: Foul Ball, location: 2F
3-2: Strikes out looking
Batting: RHB Conner Wilson 0-0: Ball
1-0: Called Strike
1-1: Ball
2-1: Ball
3-1: Foul Ball, location: 2F
3-2: DOUBLE (Line Drive, 89D, EV 106.2 MPH)
Batting: RHB Allan Jett 0-0: Intentional Walk
Batting: RHB Dane Jennings 0-0: Ball
1-0: Called Strike
1-1: SINGLE (Flyball, 8RS, EV 98.8 MPH)
Conner Wilson to third
Allan Jett to second
Runner from 3rd tries for Home, throw by CF and OUT! 8-2
Bottom of the 9th over - 0 runs, 2 hits, 0 errors, 2 left on base; Santo Domingo 2 - Pittsburgh 2
TOP OF THE 10TH
Santo Domingo Rum Runners batting - Pitching for Pittsburgh Millers : LHP Dakarai Johnson
Batting: LHB Damon Casebier 0-0: Foul Ball, location: 2F
0-1: Fly out, F7 (Line Drive, 78M, EV 88.1 MPH)
Batting: RHB Alan West 0-0: Called Strike
0-1: Foul Ball, location: 2F
0-2: Ball
1-2: SOLO HOME RUN (Flyball, 9D, EV 92.5 MPH), Distance : 347 ft
Batting: RHB Lucas Sampley 0-0: Ball
1-0: Ball
2-0: Foul Ball, location: 2F
2-1: Ball
3-1: Base on Balls
Batting: RHB Devin Geertz 0-0: Ball
1-0: Foul Ball, location: 2F
1-1: Called Strike
1-2: Ball
2-2: Ball
3-2: Strikes out swinging
Batting: RHB James Scarbrough 0-0: Called Strike
0-1: Ball
1-1: Ball
2-1: Foul Ball, location: 2F
2-2: Ball
3-2: Fly out, F8 (Flyball, 8RD, EV 90.0 MPH)
Top of the 10th over - 1 run, 1 hit, 0 errors, 1 left on base; Santo Domingo 3 - Pittsburgh 2
BOTTOM OF THE 10TH
Pittsburgh Millers batting - Pitching for Santo Domingo Rum Runners : LHP Austin Virnig
Pitching: LHP Brad Hudson
Now at 3B: Jon Dutton
Now in LF: James Scarbrough
Batting: RHB Isaac Pack 0-0: Ball
1-0: Called Strike
1-1: Ball
2-1: Ball
3-1: SOLO HOME RUN (Flyball, 7D, EV 104.4 MPH), Distance : 382 ft
Batting: RHB LaMark Canete 0-0: Called Strike
0-1: Foul Ball, location: 2F
0-2: Foul Ball, location: 2F
0-2: Ball
1-2: Strikes out swinging
Batting: RHB Colton Coffin 0-0: Ball
1-0: Swinging Strike
1-1: Ground out 5-3 (Groundball, 56, EV 109.4 MPH)
Batting: RHB K.J. Avery 0-0: Ball
1-0: Called Strike
1-1: Swinging Strike
1-2: Ball
2-2: Strikes out looking
Bottom of the 10th over - 1 run, 1 hit, 0 errors, 0 left on base; Santo Domingo 3 - Pittsburgh 3
TOP OF THE 11TH
Santo Domingo Rum Runners batting - Pitching for Pittsburgh Millers : LHP Dakarai Johnson
Batting: RHB Andy Wood 0-0: Called Strike
0-1: Ball
1-1: Ball
2-1: Ball
3-1: Foul Ball, location: 2F
3-2: Foul Ball, location: 2F
3-2: Foul Ball, location: 2F
3-2: Strikes out looking
Batting: LHB Ronald Anderson 0-0: Ball
1-0: Fly out, F8 (Flyball, 8LM, EV 88.1 MPH)
Batting: RHB Devain Ecevit 0-0: Called Strike
0-1: Ball
1-1: Swinging Strike
1-2: Ball
2-2: Foul Ball, location: 2F
2-2: Ground out 6-3 (Groundball, 6, EV 88.1 MPH)
Top of the 11th over - 0 runs, 0 hits, 0 errors, 0 left on base; Santo Domingo 3 - Pittsburgh 3
BOTTOM OF THE 11TH
Pittsburgh Millers batting - Pitching for Santo Domingo Rum Runners : LHP Brad Hudson
Batting: RHB Jeremy Knowlton 0-0: Ball
1-0: Called Strike
1-1: Foul Ball, location: 2F
1-2: Foul Ball, location: 2F
1-2: Strikes out looking
Batting: LHB Skye Maury 0-0: Ball
1-0: Swinging Strike
1-1: Foul Ball, location: 2F
1-2: Strikes out swinging
Batting: RHB Conner Wilson 0-0: Foul Ball, location: 2F
0-1: Foul Ball, location: 2F
0-2: Ball
1-2: Ball
2-2: Strikes out swinging
Bottom of the 11th over - 0 runs, 0 hits, 0 errors, 0 left on base; Santo Domingo 3 - Pittsburgh 3
TOP OF THE 12TH
Santo Domingo Rum Runners batting - Pitching for Pittsburgh Millers : LHP Dakarai Johnson
Batting: LHB Larry Collier 0-0: Ball
1-0: Ground out 4-3 (Groundball, 4, EV 90.0 MPH)
Batting: LHB Jon Dutton 0-0: Ball
1-0: Ball
2-0: Called Strike
2-1: Ball
3-1: Foul Ball, location: 2F
3-2: Fly out, F8 (Flyball, 8RD, EV 89.4 MPH)
Pitching: RHP Hayden Charbonneau
Batting: RHB Alan West 0-0: Ball
1-0: Foul Ball, location: 2F
1-1: Ball
2-1: SINGLE (Groundball, 56D, EV 96.9 MPH)
Pinch Hitting: LHB Lester Bridges Balk!
Alan West to second
0-0: Intentional Walk
Batting: RHB Devin Geertz 0-0: Fielders Choice at 2nd, 5-4 (Groundball, 5L, EV 79.4 MPH)
Top of the 12th over - 0 runs, 1 hit, 0 errors, 2 left on base; Santo Domingo 3 - Pittsburgh 3
BOTTOM OF THE 12TH
Pittsburgh Millers batting - Pitching for Santo Domingo Rum Runners : LHP Brad Hudson
Now at 1B: Kolby Carter
Batting: RHB Allan Jett 0-0: Called Strike
0-1: Called Strike
0-2: Strikes out swinging
Batting: RHB Dane Jennings 0-0: Swinging Strike
0-1: Foul Ball, location: 2F
0-2: Foul Ball, location: 2F
0-2: Ball
1-2: Strikes out swinging
Batting: RHB Isaac Pack 0-0: Foul Ball, location: 2F
0-1: Ball
1-1: Called Strike
1-2: Fly out, F7 (Flyball, 78S, EV 86.2 MPH)
Bottom of the 12th over - 0 runs, 0 hits, 0 errors, 0 left on base; Santo Domingo 3 - Pittsburgh 3
TOP OF THE 13TH
Santo Domingo Rum Runners batting - Pitching for Pittsburgh Millers : RHP Hayden Charbonneau
Batting: RHB James Scarbrough 0-0: Called Strike
0-1: Swinging Strike
0-2: Strikes out looking
Batting: RHB Andy Wood 0-0: Ball
1-0: SINGLE (Flyball, 56D, EV 83.1 MPH)
Batting: LHB Ronald Anderson 0-0: Called Strike
0-1: Called Strike
0-2: Foul Ball, location: 2F
0-2: SINGLE (Line Drive, 89M, EV 105.0 MPH)
Andy Wood to second
Batting: RHB Devain Ecevit 0-0: Called Strike
0-1: Ball
1-1: Ball
2-1: Ball
3-1: Foul Ball, location: 2F
3-2: Strikes out swinging
Pitching: RHP Whitney Harris
Batting: LHB Larry Collier 0-0: Called Strike
0-1: Foul Ball, location: 2F
0-2: Ball
1-2: Strikes out swinging
Top of the 13th over - 0 runs, 2 hits, 0 errors, 2 left on base; Santo Domingo 3 - Pittsburgh 3
BOTTOM OF THE 13TH
Pittsburgh Millers batting - Pitching for Santo Domingo Rum Runners : LHP Brad Hudson
Batting: RHB LaMark Canete 0-0: Called Strike
0-1: Foul Ball, location: 2F
0-2: Ball
1-2: Ball
2-2: Strikes out looking
Batting: RHB Colton Coffin 0-0: Foul Ball, location: 2F
0-1: Swinging Strike
0-2: Ball
1-2: Ball
2-2: Foul Ball, location: 2F
2-2: Ball
3-2: Foul Ball, location: 2F
3-2: Ground out 4-3 (Groundball, 4, EV 104.4 MPH)
Batting: RHB K.J. Avery 0-0: Ball
1-0: Foul Ball, location: 2F
1-1: Ball
2-1: Ball
3-1: Base on Balls
Pitching: LHP Neal Forsberg
Batting: RHB Jeremy Knowlton 0-0: Called Strike
K.J. Avery steals 2nd base
0-1: Foul Ball, location: 2F
0-2: Ball
1-2: Fly out, F8 (Flyball, 8LD, EV 99.4 MPH)
Bottom of the 13th over - 0 runs, 0 hits, 0 errors, 1 left on base; Santo Domingo 3 - Pittsburgh 3
TOP OF THE 14TH
Santo Domingo Rum Runners batting - Pitching for Pittsburgh Millers : RHP Whitney Harris
Batting: LHB Jon Dutton 0-0: Ball
1-0: Foul Ball, location: 2F
1-1: Foul Ball, location: 2F
1-2: Strikes out swinging
Batting: RHB Alan West 0-0: Called Strike
0-1: Foul Ball, location: 2F
0-2: Strikes out swinging
Batting: LHB Kolby Carter 0-0: Ball
1-0: Ground out 6-3 (Groundball, 6M, EV 106.2 MPH)
Top of the 14th over - 0 runs, 0 hits, 0 errors, 0 left on base; Santo Domingo 3 - Pittsburgh 3
BOTTOM OF THE 14TH
Pittsburgh Millers batting - Pitching for Santo Domingo Rum Runners : LHP Neal Forsberg
Batting: LHB Skye Maury 0-0: Reached on error, E4 (Groundball, 4, EV 88.1 MPH)
Batting: RHB Conner Wilson 0-0: Foul Ball, location: 2F
0-1: Ball
1-1: Ball
2-1: Foul Ball, location: 2F
2-2: Strikes out swinging
Batting: RHB Allan Jett 0-0: Intentional Walk
Batting: RHB Dane Jennings 0-0: Ground out 5-3 (Groundball, 56, EV 91.2 MPH)
Skye Maury to third
Allan Jett to second
Batting: RHB Isaac Pack 0-0: Ball
1-0: 3-RUN HOME RUN (Flyball, 7D, EV 95.6 MPH), Distance : 375 ft
Bottom of the 14th over - 3 runs, 1 hit, 1 error, 0 left on base; Santo Domingo 3 - Pittsburgh 6
Saturday, April 27th , 2024 - OOTP Baseball 23.10 Build 110